 Dungeon Crawl Stone Soup version 0.31-a0-626-g8143ab4f1d (webtiles) character file.

Game seed: 2761346589489432518

97 kae the Changeling (level 4, -3/37 HPs)
             Began as a Draconian Shapeshifter on Aug 24, 2023.
             Slain by Natasha (7 damage)
             ... on level 2 of the Dungeon.
             The game lasted 00:00:48 (935 turns).

kae the Changeling (Draconian Shapeshifter)          Turns: 935, Time: 00:00:49

Health: -3/37      AC:  5    Str: 17    XL:     4   Next: 42%
Magic:  4/4        EV: 12    Int:  8    God:
Gold:   113        SH:  0    Dex: 14    Spells: 3/3 levels left

rFire   . .          .
                       - Unarmed
rCold   . . .        (no shield)
rNeg    . . .        (body armour unavailable)
rPois   .            (helmet currently unavailable)
rElec   .            (cloak currently unavailable)
rCorr   +            (gloves currently unavailable)
SInv    .            (boots currently unavailable)
Will    .....        (no amulet)
Stlth   +            R - ring of resist corrosion
HPRegen 0.26/turn    (no ring)
MPRegen 0.09/turn

%: no passive effects
@: beast-form
A: beast (slay +2), AC +5, unfitting armour, cold-blooded
a: Begin Untransformation


You were on level 2 of the Dungeon.
You were a hulking beast.
You visited 1 branch of the dungeon, and saw 2 of its levels.

You collected 113 gold pieces.


Innate Abilities, Weirdness & Mutations

You are a hulking beast.
Your limbs bulge with bestial killing power. (Slay +2)
Your plain brown scales are hard. (AC +5)
You cannot fit into any form of body armour.
You are cold-blooded and may be slowed by cold attacks.


   Skills:
 + Level 2.4 Fighting
 - Level 1.7 Dodging
 + Level 3.6 Unarmed Combat
 * Level 4.1 Shapeshifting


You had 3 spell levels left.
You didn't know any spells.
Your spell library contained the following spells:

 Spells                   Type           Power      Damage    Failure   Level
 Freeze                   Ice            0%         1d3       41%         1
 Kiss of Death            Conj/Necr      0%         2d5       41%         1
 Sting                    Tmut/Pois      0%         1d3       41%         1
 Poisonous Vapours        Pois/Air       0%         N/A       54%         2
 Confusing Touch          Hex            0%         N/A       78%         3
 Frozen Ramparts          Ice            0%         1d1       78%         3
 Hailstorm                Conj/Ice       0%         3d3       78%         3
 Dispel Undead            Necr           0%         3d6       99%         4
 Olgreb's Toxic Radiance  Pois           0%         N/A       99%         4

Inventory:

Missiles
 f - 13 stones
Jewellery
 R - a ring of resist corrosion (left hand)
   (You found it on level 1 of the Dungeon)
Talismans
 b - a beast talisman (active)
 c - a flux talisman
Wands
 m - a wand of mindburst (8)
   (You found it on level 2 of the Dungeon)
Scrolls
 d - a scroll of revelation {unknown}
 e - 2 scrolls of blinking {unknown}
 g - a scroll of identify {unknown}
Potions
 a - a potion of lignification {!q}
 h - a potion of magic {unknown}
 i - a potion of enlightenment {unknown}
 j - a potion of curing {unknown}
 k - a potion of haste {unknown}
 l - a potion of brilliance {unknown}

Dungeon Overview and Level Annotations

Branches:
Dungeon (2/15) Zot: 11069

Altars:

Annotations:
D:2 Natasha

#........ ####.#.....
.....##.<.# #....### ###
#..#....
##..#############..####
...............###...##
####.###.#####.#####.##
#...hh5.### #........#
.#
#.#5###...#########.<.
..#.#..##.#....######...
#.h.......####.....##..#
#..#.#..................
#.....##......###.....#
###.#..####.#..####....
#.##.####.##....##...
#.......####....#.


You could see Natasha and 2 cerulean imps.


Message History

You feel agile. 😕 HP[+8] MP[+1]
You now have 37 max hp (+8).
You regained 8 hp, and now have 32/37 hp.
Your mp is fully restored (4).
You see here a hobgoblin corpse.
Found an embroidered robe. 😎 HP[+5]
Your hp is fully restored (37).
k - a black potion No target in view!
No target in view!
You now have 111 gold pieces (gained 14).
A rat comes into view.
You barely miss the rat. The rat misses you.
A rat is nearby!
You punch the rat!
You kill the rat!
No target in view!
l - a grey potion No target in view!
No target in view!
Found a stone staircase leading down.
No target in view!
No target in view!
There is a stone staircase leading down here.
There is a stone staircase leading down here.
There is a stone staircase leading down here.
A kobold comes into view. It is wielding a +0 short sword.
Unknown command.
A kobold is nearby!
A kobold is nearby!
A kobold is nearby!
You hit the kobold.
You kill the kobold!
You see here a +0 spear.
You now have 113 gold pieces (gained 2).
Key pressed, stopping explore.
No target in view!
No target in view!
Key pressed, stopping explore.
No target in view!
No target in view!
Key pressed, stopping explore.
Unknown command.
m - a wand of mindburst (8) Natasha, Servant of Life and Death comes into view.
An adder comes into view.
The adder hisses angrily.
You hear an angry hiss.
Natasha hisses angrily.
The adder completely misses you. The adder closely misses you.
You closely miss Natasha. You tail-slap Natasha. The adder closely misses you.
Natasha claws you!
You miss Natasha. The adder bites you but does no damage.
Natasha casts a spell at you. The magic dart hits you. 😮 HP[-12]
You take 12 damage, and now have 25/37 hp.
MASSIVE DAMAGE!! (PAUSE)
The adder attacks as it pursues you! The adder bites you.
You are poisoned.
The adder poisons you!
Natasha casts a spell.
You are too injured to fight recklessly!
You are too injured to fight recklessly!
You hit the adder. You tail-slap the adder.
You feel sick.
The adder closely misses you. x2 😮 HP[-2]
You take 2 damage, and now have 23/37 hp.
Unknown command.
You hit the adder.
You kill the adder!
You feel sick.
The cerulean imp hits you but does no damage. 😮 HP[-1]
You take 1 damage, and now have 22/37 hp.
Unknown command.
You barely miss Natasha.
You feel sick. Natasha claws you.
The cerulean imp closely misses you. 😮 HP[-3]
You take 3 damage, and now have 19/37 hp.
Unknown command.
You hit Natasha but do no damage.
You feel sick.
Natasha casts a spell.
The cerulean imp barely misses you.
You closely miss Natasha.
You feel sick. Natasha claws you!
* * * LOW HITPOINT WARNING * * *
The cerulean imp hits you but does no damage.
The cerulean imp misses you. 😨 HP[-8]
You take 8 damage, and now have 11/37 hp.
MASSIVE DAMAGE!! (PAUSE)
You barely miss Natasha.
Your tail-slap misses Natasha.
You feel sick.
You are no longer poisoned.
Natasha claws you.
* * * LOW HITPOINT WARNING * * *
The cerulean imp closely misses you.
You hit Natasha. The cerulean imp barely misses you. Natasha claws you!
You die...
Natasha begins licking her fur clean.

Skill      XL: |  1  2  3 |
---------------+----------+-----
Fighting       | 2 |  2.4
Shapeshifting  | 4 |  4.1
Dodging        | |  1.7
Unarmed Combat | |  3.6

Action                     |  1- 3 |  4- 6 || total
---------------------------+-------+-------++-------
  Melee: Unarmed           |    63 |    12 ||    75
         Tailslap          |    10 |     2 ||    12
         Punch             |     2 |       ||     2
   Stab: Sleeping          |     1 |       ||     1
 Armour: Skin              |    11 |     3 ||    14
  Dodge: Dodged            |    35 |    11 ||    46

Levels and vault maps discovered:
D:1:      minmay_arrival_stone_box, layout_loops_ring
D:2:      layout_rooms, shapermc_ecumenical_altar_notcrosses,
          minmay_tiny_reverse_x, uniq_natasha

Notes
Turn   | Place    | Note
-------+----------+-------------------------------------------
     0 | D:1      | kae the Draconian Shapeshifter began the quest for the Orb.
     0 | D:1      | Reached XP level 1. HP: 16/16 MP: 1/1
     0 | D:1      | magus.rc [v1.11.3]
     3 | D:1      | You pick up a book of Touch and begin reading...
     3 | D:1      | You add the spells Kiss of Death, Confusing Touch and
                  | Dispel Undead to your library.
    71 | D:1      | Reached XP level 2. HP: 23/23 MP: 2/2
   386 | D:1      | You add the spells Sting, Poisonous Vapours and Olgreb's
                  | Toxic Radiance to your library.
   570 | D:2      | Noticed Natasha
   574 | D:2      | Killed Natasha
   575 | D:2      | Reached skill level 2 in Fighting
   575 | D:2      | Reached XP level 3. HP: 23/29 MP: 3/3
   656 | D:2      | You pick up a book of Frost and begin reading...
   656 | D:2      | You add the spells Freeze, Frozen Ramparts and Hailstorm to
                  | your library.
   727 | D:2      | Noticed Natasha
   736 | D:2      | Killed Natasha
   737 | D:2      | Reached skill level 4 in Shapeshifting
   737 | D:2      | Reached XP level 4. HP: 32/37 MP: 4/4
   921 | D:2      | Noticed Natasha
   934 | D:2      | HP: 4/37 [Natasha (6)]
   935 | D:2      | Slain by Natasha

Vanquished Creatures
  Natasha (twice) (D:2)
  2 adders (D:2)
  3 dart slugs (D:1)
  3 ball pythons (D:1)
  A goblin (D:2)
  5 hobgoblins
  A quokka (D:2)
  A bat (D:1)
  4 kobolds
  4 rats
26 creatures vanquished.

Table legend:
 A = Non-vault XP
 B = Vault XP
 C = Vault XP percentage of total XP
 D = Non-vault monster count
 E = Vault monster count
 F = Vault count percentage of total count
                 A         B        C        D         E       F
            +---------+---------+-------+---------+---------+-------
      Total |      87 |      52 |  37.4 |      23 |       3 |  11.5
            +---------+---------+-------+---------+---------+-------
        D:1 |      31 |       0 |   0.0 |      16 |       0 |   0.0
        D:2 |      56 |      52 |  48.1 |       7 |       3 |  30.0
            +---------+---------+-------+---------+---------+-------

Skill      XL: |  1  2  3 |
---------------+----------+-----
Fighting       | 2 |  2.4
Shapeshifting  | 4 |  4.1
Dodging        | |  1.7
Unarmed Combat | |  3.6

Action                     |  1- 3 |  4- 6 || total
---------------------------+-------+-------++-------
  Melee: Unarmed           |    63 |    12 ||    75
         Tailslap          |    10 |     2 ||    12
         Punch             |     2 |       ||     2
   Stab: Sleeping          |     1 |       ||     1
 Armour: Skin              |    11 |     3 ||    14
  Dodge: Dodged            |    35 |    11 ||    46

Illustrated notes

Table legend:
 A = Kills in this place as a percentage of kills in the entire game.
 B = Kills by you in this place as a percentage of kills by you in the entire game.
 C = Kills by friends in this place as a percentage of kills by friends in the entire game.
 D = Other kills in this place as a percentage of other kills in the entire game.
 E = Experience gained in this place as a percentage of experience gained in the entire game.
 F = Experience gained in this place divided by the number of levels of this place that you have seen.
                   A       B       C       D       E      F
               +-------+-------+-------+-------+-------+----------------------
         Total | 100.0 | 100.0 |   N/A |   N/A | 100.0 |  69.5
       Dungeon | 100.0 | 100.0 |   N/A |   N/A | 100.0 |  69.5
               +-------+-------+-------+-------+-------+----------------------

Table legend: (Time is in decaauts)
 A = Elapsed time spent in this place.
 B = Non-inter-level travel time spent in this place.
 C = Inter-level travel time spent in this place.
 D = Time resting spent in this place.
 E = Time spent auto-exploring this place.
 F = Levels seen in this place.
 G = Mean time per level.
                   A        B        C        D        E       F      G
               +--------+--------+--------+--------+--------+-----+--------+
         Total |    929 |    918 |     11 |      0 |    763 |   2 |  464.5 |
       Dungeon |    929 |    918 |     11 |      0 |    763 |   2 |  464.5 |
               +--------+--------+--------+--------+--------+-----+--------+

Top non-repeatable levels by time:
     D:1: 567 daAuts
     D:2: 362 daAuts
